 Dungeon Crawl Stone Soup version 0.28.0-43-g3370ac3207 (webtiles) character file.

Game seed: 16241753737845100073

700 fknight the Sneak (level 7, -1/44 HPs)
             Began as a Kobold Brigand on Mar 4, 2022.
             Was an Initiate of Dithmenos.
             Slain by an orc wizard
             ... wielding a +0 dagger
              (4 damage)
             ... on level 5 of the Dungeon.
             The game lasted 00:20:00 (5074 turns).

fknight the Sneak (Kobold Brigand)                  Turns: 5074, Time: 00:20:00

Health: -1/44      AC:  4    Str:  9    XL:     7   Next: 98%
Magic:  7/7        EV: 16    Int: 12    God:    Dithmenos [......]
Gold:   115        SH:  0    Dex: 18    Spells: 6/6 levels left

rFire   . . .      SeeInvis .   a - +3 dagger (venom)
rCold   . . .      Faith    .   (no shield)
rNeg    . . .      Spirit   .   u - +0 leather armour
rPois   .          Reflect  .   (no helmet)
rElec   .          Harm     .   c - +0 cloak
rCorr   +          Rampage  .   (no gloves)
Will    .....                   (no boots)
Stlth   +++++.....              (no amulet)
HPRegen 0.14/turn               p - ring of resist corrosion
MPRegen 0.10/turn               (no ring)

@: hasted, very quick
A: small, no large weapons, nightstalker 3
a: Renounce Religion


You were on level 5 of the Dungeon.
You worshipped Dithmenos.
Dithmenos was noncommittal.
You visited 2 branches of the dungeon, and saw 6 of its levels.

You collected 115 gold pieces.

Inventory:

Hand Weapons
 a - a +3 dagger of venom (weapon)
 k - a +0 short sword of flaming
 m - a +4 club
 r - a +0 hunting sling of venom
 s - a +0 short sword
 t - the +6 shillelagh "Devastator" {shatter}
   (You found it on level 4 of the Dungeon)

   It releases a powerful concussive burst when it strikes, dealing extra damage
   to the target and all other foes adjacent to them.
 v - a +2 dagger
 x - a +0 flail of protection
 D - a +1 hand axe of venom
Missiles
 d - 13 poisoned darts (quivered)
 e - 2 curare-tipped darts
 g - 63 bolts
 n - 43 stones
 y - a throwing net
 z - 26 sling bullets
Armour
 b - a +0 robe
 c - a +0 cloak (worn)
 j - a +0 ring mail
 u - a +0 leather armour (worn)
 C - a +0 scale mail
Jewellery
 p - a ring of resist corrosion (left hand)
Wands
 l - a wand of flame (46)
 w - a wand of digging (3)
Scrolls
 i - 2 scrolls of silence
Potions
 f - a potion of curing {unknown}
 h - a potion of haste
 o - 2 potions of mutation {unknown}
 q - 2 potions of heal wounds {unknown}
 A - 2 potions of degeneration {unknown}


   Skills:
 + Level 4.5 Fighting
 + Level 5.4 Short Blades
 + Level 4.5 Throwing
 + Level 4.3 Dodging
 + Level 7.4 Stealth


You had 6 spell levels left.
You didn't know any spells.
Your spell library contained the following spells:

 Spells                   Type           Power      Damage    Failure   Level
 Apportation              Tloc           0%         N/A       43%         1
 Slow                     Hex            0%         N/A       43%         1
 Confusing Touch          Hex            0%         N/A       80%         3
 Vampiric Draining        Necr           0%         2d6       80%         3
 Alistair's Intoxication  Tmut/Pois      0%         N/A       100%        5


Dungeon Overview and Level Annotations

Branches:
Dungeon (5/15)             Temple (1/1) D:4

Altars:
Dithmenos
Okawaru
Xom
Yredelemnul
Zin

Annotations:
D:4 2 transporters, DeadBczImStupid's ghost, novice PaBe


Innate Abilities, Weirdness & Mutations

You are small and have problems with some larger weapons.
You are completely attuned to the shadows.


Message History

The orc priest looks as sick as possible!
The orc priest is heavily wounded.
You barely miss the orc priest.
The orc priest is severely wounded.
You kill the orc priest!
Dithmenos accepts your kill. Something barely misses you.
You miss something.
Unknown command.
You miss the adder. The adder closely misses you.
You hit the adder.
The adder is lightly wounded.
Something barely misses you.
You hit the adder.
The adder is poisoned.
The adder is lightly wounded.
The adder misses you. Something hits you.
You closely miss the adder.
The adder is moderately wounded.
The adder bites you but does no damage.
You hear some strange, mumbled words.
A puff of flame appears from out of thin air!
The puff of flame misses you.
You completely miss something. The adder closely misses you.
You barely miss the adder.
The adder is moderately wounded.
The adder misses you. Something hits you.
The orc priest mumbles some strange prayers to Beogh against you.
Beogh smites you!
You hit the adder.
The adder is heavily wounded.
The adder looks more healthy.
The adder closely misses you. Something hits you but does no damage.
You feel yourself speed up. The adder completely misses you.
The orc priest mumbles some strange prayers to Beogh against you.
Beogh smites you!
* * * LOW HITPOINT WARNING * * *
Something barely misses you.
You miss something. The adder bites you but does no damage.
You closely miss something. Something hits you.
You die...

#.....
#..#..
##....#
......###
.....oS@#
#.......#{.#
#.....(.##.#
#.......#
...
####.......#
..#
.....<.....#
....<......#
....########
....


You could see an orc priest and an adder.

Vanquished Creatures
  Sigmund (D:3)
  Edmund (D:4)
  2 scorpions
  A jelly (D:4)
  3 orc priests
  A bullfrog skeleton (D:4)
  Ijyb (D:4)
  An orc wizard (D:5)
  4 gnolls (D:4)
  2 adders
  An adder skeleton (D:4)
  4 worms (D:2)
  5 orcs
  2 bats
  6 endoplasms
  2 giant cockroaches (D:4)
  8 goblins
  4 hobgoblins
  4 jackals (D:3)
  6 ball pythons
  8 frilled lizards
  4 kobolds
  7 rats
78 creatures vanquished.

Notes
Turn   | Place    | Note
-------+----------+-------------------------------------------
     0 | D:1      | fknight the Kobold Brigand began the quest for the Orb.
     0 | D:1      | Reached XP level 1. HP: 12/12 MP: 1/1
   406 | D:1      | Reached XP level 2. HP: 18/18 MP: 2/2
  1419 | D:2      | Reached XP level 3. HP: 15/22 MP: 3/3
  2320 | D:3      | Noticed a scorpion
  2324 | D:3      | Killed a scorpion
  2325 | D:3      | Reached skill level 6 in Stealth
  2325 | D:3      | Reached XP level 4. HP: 28/28 MP: 4/4
  2325 | D:3      | Reached XP level 5. HP: 32/32 MP: 5/5
  2381 | D:3      | Noticed a floating eye
  2382 | D:3      | Found a faded altar of an unknown god.
  2382 | D:3      | Noticed a golden eye
  2385 | D:3      | Noticed a great orb of eyes
  2385 | D:3      | Noticed a golden eye
  2893 | D:3      | Noticed Sigmund
  2921 | D:3      | Killed Sigmund
  2922 | D:3      | Reached XP level 6. HP: 32/38 MP: 6/6
  3168 | D:3      | Found a shimmering altar of Xom.
  3702 | D:4      | Noticed Ijyb
  3722 | D:4      | Killed Ijyb
  3857 | D:4      | Reached XP level 7. HP: 30/42 MP: 7/7
  4234 | D:4      | Found the +6 shillelagh "Devastator" {shatter}
  4259 | D:4      | Noticed Edmund
  4263 | D:4      | Killed Edmund
  4264 | D:4      | Reached skill level 5 in Short Blades
  4264 | D:4      | Reached skill level 7 in Stealth
  4311 | D:4      | Found a transporter.
  4318 | D:4      | Noticed DeadBczImStupid's ghost (novice PaBe)
  4679 | D:4      | Found a transporter.
  4687 | D:4      | Found a staircase to the Ecumenical Temple.
  4723 | Temple   | Entered the Ecumenical Temple
  4751 | Temple   | Became a worshipper of Dithmenos the Shadowed
  5032 | D:5      | Entered Level 5 of the Dungeon
  5074 | D:5      | Slain by an orc wizard

Illustrated notes

Levels and vault maps discovered:
D:1:      ebering_trefoil_twist, layout_basic, roderic_lattice_a
D:2:      layout_loops_ring
D:3:      cheibrodos_helix_gallery, layout_basic, lemuel_doored_altar,
          hellmonk_ecumenical_altar_watching_god, uniq_jessica, uniq_sigmund
D:4:      layout_loops_ring, temple_pool_b, gammafunk_ghost_arena, uniq_ijyb,
          uniq_edmund
D:5:      layout_rooms, ebering_ghost_sewer_d, abandoned_shop,
          palyth_stone_intersect
Temple:   eino_temple_scatter_basement

Skill      XL: |  1  2  3  4  5  6  7 |
---------------+----------------------+-----
Short Blades   | 3 4 5 |  5.4
Dodging        | 2 3 4 |  4.3
Fighting       | 3 4 |  4.5
Throwing       | 3 4 |  4.5
Stealth        | 6 7 |  7.4

Action                   |  1- 3 |  4- 6 |  7- 9 || total
-------------------------+-------+-------+-------++-------
Melee: Dagger            |    89 |    91 |    77 ||   257
       Punch             |       |     1 |       ||     1
  Use: Scroll            |       |     5 |     1 ||     6
       Potion            |       |       |     1 ||     1
 Stab: Sleeping          |    24 |     4 |     6 ||    34
       Distracted        |     1 |     3 |     1 ||     5
Armor: Robe              |     6 |    20 |       ||    26
       Leather armour    |       |     3 |     8 ||    11
Dodge: Dodged            |    24 |    95 |    42 ||   161
